TOP OF THE 1ST |
New York Knights batting - Pitching for Fresno Deplorables : RHP Dionisio Penni
|
Pitching: RHP Dionisio Penni
|
|
Batting: RHB Robert Downing
|
0-0: Ball 1-0: Called Strike 1-1: Fly out, F8 (Line Drive, 78M)
|
Batting: RHB Pepe Carrasco
|
0-0: Ball 1-0: Foul Ball, location: 2F 1-1: Called Strike 1-2: Ball 2-2: Foul Ball, location: 2F 2-2: Strikes out swinging
|
Batting: LHB Warren Potter
|
0-0: Swinging Strike 0-1: Ball 1-1: SINGLE (Flyball, 89S)
|
Batting: SHB Marvin Harris
|
0-0: Called Strike 0-1: SINGLE (Groundball, 4MD) Warren Potter to second Runner from 2nd tries for 3rd, SAFE, no throw
|
Batting: RHB Lonnie Anderson
|
0-0: Ball 1-0: Called Strike 1-1: Called Strike 1-2: Fly out, F3 (Popup, 3S)
|
Top of the 1st over - 0 run(s), 2 hit(s), 0 error(s), 2 left on base; New York 0 - Fresno 0 |
BOTTOM OF THE 1ST |
Fresno Deplorables batting - Pitching for New York Knights : LHP Hong-ryul Yun
|
Pitching: LHP Hong-ryul Yun
|
|
Batting: RHB Dani Vázquez
|
0-0: Ball 1-0: Ball 2-0: Foul Ball, location: 2F 2-1: Ball 3-1: Foul Ball, location: 2F 3-2: Foul Ball, location: 2F 3-2: Foul Ball, location: 2F 3-2: Foul Ball, location: 2F 3-2: Ground out 3-1 (Groundball, 3S)
|
Batting: RHB Manolo Román
|
0-0: Swinging Strike 0-1: Fly out, F9 (Flyball, 9S)
|
Batting: LHB Jeff Daniels
|
0-0: Swinging Strike 0-1: Called Strike 0-2: Strikes out looking
|
Bottom of the 1st over - 0 run(s), 0 hit(s), 0 error(s), 0 left on base; New York 0 - Fresno 0 |
TOP OF THE 2ND |
New York Knights batting - Pitching for Fresno Deplorables : RHP Dionisio Penni
|
Batting: LHB Marcos Pérez
|
0-0: Fly out, F8 (Line Drive, 8LD)
|
Batting: LHB Nicholas Alston
|
0-0: Called Strike 0-1: Foul Ball, location: 2F 0-2: Strikes out swinging, 2-3 out at first.
|
Batting: RHB Richie Miller
|
0-0: Called Strike 0-1: Foul Ball, location: 2F 0-2: Foul Ball, location: 2F 0-2: Ball 1-2: Foul Ball, location: 2F 1-2: Ground out 6-3 (Groundball, 6)
|
Top of the 2nd over - 0 run(s), 0 hit(s), 0 error(s), 0 left on base; New York 0 - Fresno 0 |
BOTTOM OF THE 2ND |
Fresno Deplorables batting - Pitching for New York Knights : LHP Hong-ryul Yun
|
Batting: LHB Troy Donaldson
|
0-0: Ball 1-0: Swinging Strike 1-1: Called Strike 1-2: Strikes out swinging
|
Batting: RHB Paco Arellano
|
0-0: Swinging Strike 0-1: Called Strike 0-2: SOLO HOME RUN (Flyball, 9D), Distance : 353 ft
|
Batting: LHB Paul Mullins
|
0-0: Foul Ball, location: 2F 0-1: Foul Ball, location: 2F 0-2: Strikes out swinging
|
Batting: RHB Aaron Scott
|
0-0: Called Strike 0-1: Ball 1-1: Ball 2-1: Called Strike 2-2: Ball 3-2: Foul Ball, location: 2F 3-2: Fly out, F9 (Flyball, 9)
|
Bottom of the 2nd over - 1 run(s), 1 hit(s), 0 error(s), 0 left on base; New York 0 - Fresno 1 |
TOP OF THE 3RD |
New York Knights batting - Pitching for Fresno Deplorables : RHP Dionisio Penni
|
Batting: RHB Tokuhei Kobayashi
|
0-0: Ball 1-0: Ball 2-0: SINGLE (Line Drive, 8LS)
|
Batting: RHB Robert Downing
|
0-0: Ball 1-0: Ball 2-0: Ball 3-0: Called Strike 3-1: Base on Balls Tokuhei Kobayashi to second
|
Batting: RHB Pepe Carrasco
|
0-0: Foul Ball, location: 2F 0-1: Foul Ball, location: 2F 0-2: Strikes out looking
|
Batting: LHB Warren Potter
|
0-0: Called Strike 0-1: Ball 1-1: Ball 2-1: Fly out, F9 (Flyball, 9)
|
Batting: SHB Marvin Harris
|
0-0: Ball 1-0: Swinging Strike 1-1: Foul Ball, location: 2F 1-2: Ball 2-2: SINGLE (Groundball, 4MD) Tokuhei Kobayashi to third Robert Downing to second Runner from 3rd tries for Home, throw and OUT!
|
Top of the 3rd over - 0 run(s), 2 hit(s), 0 error(s), 2 left on base; New York 0 - Fresno 1 |
BOTTOM OF THE 3RD |
Fresno Deplorables batting - Pitching for New York Knights : LHP Hong-ryul Yun
|
Batting: LHB Keith Beard
|
0-0: Ball 1-0: Ball 2-0: Ball 3-0: Base on Balls
|
Batting: RHB R.J. Parker
|
0-0: Ball 1-0: Foul Ball, location: 2F 1-1: Ball Wild Pitch! Keith Beard to second 2-1: Called Strike 2-2: Ball 3-2: Foul Ball, location: 2F 3-2: Base on Balls
|
Batting: RHB Dani Vázquez
|
0-0: Ball 1-0: Ball 2-0: Foul Ball, location: 2F 2-1: Fly out, F7 (Flyball, 7)
|
Batting: RHB Manolo Román
|
0-0: Foul Ball, location: 2F 0-1: SINGLE (Flyball, 7S) Keith Beard to third R.J. Parker to second
|
Batting: LHB Jeff Daniels
|
0-0: Ball 1-0: Ball 2-0: Ball 3-0: Called Strike 3-1: Base on Balls Keith Beard scores R.J. Parker to third Manolo Román to second
|
Batting: LHB Troy Donaldson
|
0-0: Called Strike 0-1: Fly out, F8 (Flyball, 8LM) Runner from 3rd tags up, OUT at HOME
|
Bottom of the 3rd over - 1 run(s), 1 hit(s), 0 error(s), 2 left on base; New York 0 - Fresno 2 |
TOP OF THE 4TH |
New York Knights batting - Pitching for Fresno Deplorables : RHP Dionisio Penni
|
Batting: RHB Lonnie Anderson
|
0-0: Ball 1-0: Swinging Strike 1-1: Foul Ball, location: 2F 1-2: Ball 2-2: Ball 3-2: Foul Ball, location: 2F 3-2: SINGLE (Groundball, 34D)
|
Batting: LHB Marcos Pérez
|
0-0: Ball 1-0: Called Strike 1-1: Ball 2-1: Swinging Strike 2-2: Foul Ball, location: 2F 2-2: Ball 3-2: SINGLE (Groundball, 4D) Lonnie Anderson to second Lonnie Anderson to third
|
Batting: LHB Nicholas Alston
|
0-0: Called Strike 0-1: Ball 1-1: Ball 2-1: Reached via error on a dropped throw, E6 Lonnie Anderson scores Marcos Pérez to second
|
Batting: RHB Richie Miller
|
0-0: Called Strike 0-1: Foul Ball, location: 2F 0-2: Ball 1-2: Ball 2-2: Foul Ball, location: 2F 2-2: Fly out, F8 (Flyball, 8RM)
|
Batting: RHB Tokuhei Kobayashi
|
0-0: Called Strike 0-1: Grounds into double play, 6-4-3 (Groundball, 6)
|
Top of the 4th over - 1 run(s), 2 hit(s), 1 error(s), 1 left on base; New York 1 - Fresno 2 |
BOTTOM OF THE 4TH |
Fresno Deplorables batting - Pitching for New York Knights : LHP Hong-ryul Yun
|
Batting: RHB Paco Arellano
|
0-0: Ball 1-0: Foul Ball, location: 2F 1-1: Ball 2-1: Ball 3-1: Ground out 4-3 (Groundball, 4)
|
Batting: LHB Paul Mullins
|
0-0: Called Strike 0-1: Foul Ball, location: 2F 0-2: Ground out U3 (Groundball, 3)
|
Batting: RHB Aaron Scott
|
0-0: Ball 1-0: Ball 2-0: Ball 3-0: Called Strike 3-1: SINGLE (Groundball, 34D)
|
Batting: LHB Keith Beard
|
0-0: Foul Ball, location: 2F 0-1: Ball 1-1: Called Strike 1-2: Strikes out swinging
|
Bottom of the 4th over - 0 run(s), 1 hit(s), 0 error(s), 1 left on base; New York 1 - Fresno 2 |
TOP OF THE 5TH |
New York Knights batting - Pitching for Fresno Deplorables : RHP Dionisio Penni
|
Batting: RHB Robert Downing
|
0-0: Ball 1-0: Ball 2-0: Called Strike 2-1: Foul Ball, location: 2F 2-2: Ball 3-2: Strikes out swinging
|
Batting: RHB Pepe Carrasco
|
0-0: Called Strike 0-1: Called Strike 0-2: Fly out, F5 (Popup, 5S)
|
Batting: LHB Warren Potter
|
0-0: Called Strike 0-1: DOUBLE (Line Drive, 7LD)
|
Batting: SHB Marvin Harris
|
0-0: Ball 1-0: Ball 2-0: Fly out, F8 (Line Drive, 8LM)
|
Top of the 5th over - 0 run(s), 1 hit(s), 0 error(s), 1 left on base; New York 1 - Fresno 2 |
BOTTOM OF THE 5TH |
Fresno Deplorables batting - Pitching for New York Knights : LHP Hong-ryul Yun
|
Batting: RHB R.J. Parker
|
0-0: Called Strike 0-1: Ground out 1-3 (Groundball, 13)
|
Batting: RHB Dani Vázquez
|
0-0: Called Strike 0-1: Ball 1-1: Foul Ball, location: 2F 1-2: Ground out U3 (Groundball, 3L)
|
Batting: RHB Manolo Román
|
0-0: Called Strike 0-1: Fly out, F7 (Flyball, 7S)
|
Bottom of the 5th over - 0 run(s), 0 hit(s), 0 error(s), 0 left on base; New York 1 - Fresno 2 |
TOP OF THE 6TH |
New York Knights batting - Pitching for Fresno Deplorables : RHP Dionisio Penni
|
Pitching: RHP Butch Ramey
|
|
Batting: RHB Lonnie Anderson
|
0-0: Called Strike 0-1: Ball 1-1: Ball 2-1: Swinging Strike 2-2: Strikes out looking
|
Batting: LHB Marcos Pérez
|
0-0: Foul Ball, location: 2F 0-1: Foul Ball, location: 2F 0-2: Ball 1-2: Ball 2-2: Ball 3-2: Base on Balls
|
Batting: LHB Nicholas Alston
|
0-0: Fly out, F8 (Flyball, 8LM)
|
Batting: RHB Richie Miller
|
0-0: Called Strike 0-1: Fielders Choice at 2nd, 6-4 (Groundball, 6)
|
Top of the 6th over - 0 run(s), 0 hit(s), 0 error(s), 0 left on base; New York 1 - Fresno 2 |
BOTTOM OF THE 6TH |
Fresno Deplorables batting - Pitching for New York Knights : LHP Hong-ryul Yun
|
Batting: LHB Jeff Daniels
|
0-0: Called Strike 0-1: Ball 1-1: Foul Ball, location: 2F 1-2: Ball 2-2: Ball 3-2: Strikes out swinging
|
Batting: LHB Troy Donaldson
|
0-0: Foul Ball, location: 2F 0-1: Ground out U3 (Groundball, 3)
|
Batting: RHB Paco Arellano
|
0-0: Called Strike 0-1: Called Strike 0-2: Fly out, F9 (Flyball, 9LS)
|
Bottom of the 6th over - 0 run(s), 0 hit(s), 0 error(s), 0 left on base; New York 1 - Fresno 2 |
TOP OF THE 7TH |
New York Knights batting - Pitching for Fresno Deplorables : RHP Butch Ramey
|
Batting: RHB Tokuhei Kobayashi
|
0-0: Ball 1-0: Ball 2-0: Ball 3-0: Called Strike 3-1: Foul Ball, location: 2F 3-2: Base on Balls
|
Batting: RHB Robert Downing
|
0-0: Bunted foul 0-1: Sac Bunt - play at first, batter OUT! 5-4 Tokuhei Kobayashi to second
|
Batting: RHB Pepe Carrasco
|
0-0: Ball 1-0: Ball 2-0: SINGLE (Flyball, 8RS) Tokuhei Kobayashi to third
|
Pitching: LHP Allan Bader
|
|
Batting: LHB Warren Potter
|
0-0: Ball 1-0: Ball 2-0: Called Strike 2-1: Foul Ball, location: 2F 2-2: Fly out, F8 (Flyball, 8RXD) Runner from 3rd tags up, SCORES, no throw
|
Pitching: LHP Jerry Beck
|
|
Batting: SHB Marvin Harris
|
0-0: Called Strike 0-1: Fly out, F6 (Popup, 4MS)
|
Top of the 7th over - 1 run(s), 1 hit(s), 0 error(s), 1 left on base; New York 2 - Fresno 2 |
BOTTOM OF THE 7TH |
Fresno Deplorables batting - Pitching for New York Knights : LHP Hong-ryul Yun
|
Batting: LHB Paul Mullins
|
0-0: Ball 1-0: Called Strike 1-1: Fly out, F8 (Flyball, 89M)
|
Batting: RHB Aaron Scott
|
0-0: Ball 1-0: Fly out, F7 (Flyball, 7)
|
Batting: LHB Keith Beard
|
0-0: Swinging Strike 0-1: Ball 1-1: Called Strike 1-2: Ball 2-2: Ball 3-2: SINGLE (Line Drive, 4MD)
|
Batting: RHB R.J. Parker
|
0-0: Ball 1-0: Ball 2-0: Called Strike 2-1: SINGLE (Line Drive, 6MD) Keith Beard to second
|
Batting: RHB Dani Vázquez
|
0-0: Swinging Strike 0-1: Reached via error on a dropped throw, E6 Keith Beard to third R.J. Parker to second
|
Batting: RHB Manolo Román
|
0-0: Ball 1-0: Called Strike 1-1: Ball 2-1: Ball 3-1: Foul Ball, location: 2F 3-2: Strikes out swinging
|
Bottom of the 7th over - 0 run(s), 2 hit(s), 1 error(s), 3 left on base; New York 2 - Fresno 2 |
TOP OF THE 8TH |
New York Knights batting - Pitching for Fresno Deplorables : LHP Jerry Beck
|
Batting: RHB Lonnie Anderson
|
0-0: Ball 1-0: SOLO HOME RUN (Flyball, 89XD), Distance : 368 ft
|
Batting: LHB Marcos Pérez
|
0-0: Ground out 4-3 (Groundball, 4)
|
Batting: LHB Nicholas Alston
|
0-0: Called Strike 0-1: Foul Ball, location: 2F 0-2: Fly out, F9 (Flyball, 9LMF)
|
Batting: RHB Richie Miller
|
0-0: Ball 1-0: Foul Ball, location: 2F 1-1: Ball 2-1: Foul Ball, location: 2F 2-2: Ball 3-2: Strikes out swinging
|
Top of the 8th over - 1 run(s), 1 hit(s), 0 error(s), 0 left on base; New York 3 - Fresno 2 |
BOTTOM OF THE 8TH |
Fresno Deplorables batting - Pitching for New York Knights : LHP Hong-ryul Yun
|
Batting: LHB Jeff Daniels
|
0-0: Ball 1-0: SOLO HOME RUN (Flyball, 89XD), Distance : 385 ft
|
Batting: LHB Troy Donaldson
|
0-0: Ball 1-0: Foul Ball, location: 2F 1-1: Ball 2-1: Foul Ball, location: 2F 2-2: Ball 3-2: Ground out 3-1 (Groundball, 34S)
|
Pitching: LHP Leo Huggins
|
|
Batting: RHB Paco Arellano
|
0-0: Called Strike 0-1: Ball 1-1: Ball 2-1: Ball 3-1: Base on Balls
|
Batting: LHB Paul Mullins
|
0-0: Called Strike 0-1: Foul Ball, location: 2F 0-2: Strikes out swinging
|
Batting: RHB Aaron Scott
|
0-0: Ball 1-0: Ball 2-0: Swinging Strike 2-1: SINGLE (Flyball, 78S) Paco Arellano to second
|
Batting: LHB Keith Beard
|
0-0: Swinging Strike 0-1: DOUBLE (Flyball, 89M) Paco Arellano scores Aaron Scott to third
|
Batting: RHB R.J. Parker
|
0-0: Foul Ball, location: 2F 0-1: Ball 1-1: Ball 2-1: SINGLE (Groundball, 34D) Aaron Scott scores Keith Beard to third Runner from 3rd tries for Home, SAFE, no throw
|
Pitching: RHP James Jones
|
|
Batting: RHB Dani Vázquez
|
0-0: Ball 1-0: Swinging Strike 1-1: Foul Ball, location: 2F 1-2: Ball 2-2: Ball 3-2: SINGLE (Line Drive, 89M) R.J. Parker to second R.J. Parker to third
|
Batting: RHB Manolo Román
|
0-0: Swinging Strike 0-1: Ground out 6-3 (Groundball, 6M)
|
Bottom of the 8th over - 4 run(s), 5 hit(s), 0 error(s), 2 left on base; New York 3 - Fresno 6 |
TOP OF THE 9TH |
New York Knights batting - Pitching for Fresno Deplorables : LHP Jerry Beck
|
Pitching: LHP Valentín Reséndez
|
|
Batting: RHB Tokuhei Kobayashi
|
0-0: Ball 1-0: SINGLE (Groundball, 6MD)
|
Batting: RHB Robert Downing
|
0-0: Ground out 5-3 (Groundball, 56S) Tokuhei Kobayashi to second
|
Batting: RHB Pepe Carrasco
|
0-0: Called Strike 0-1: Ball 1-1: Ground out 5-3 (Groundball, 56)
|
Batting: LHB Warren Potter
|
0-0: Ball 1-0: Ball 2-0: Ground out 4-3 (Groundball, 34)
|
Top of the 9th over - 0 run(s), 1 hit(s), 0 error(s), 1 left on base; New York 3 - Fresno 6 |
|